 Dungeon Crawl Stone Soup version 0.19.5 (webtiles) character file.

5509 Jynx the Covert (level 10, -1/63 HPs)
             Began as a Vampire Enchanter on Mar 16, 2017.
             Was a Believer of Ashenzari.
             Slain by a killer bee (2 damage)
             ... on level 10 of the Dungeon.
             The game lasted 00:23:02 (10257 turns).

Jynx the Covert (Vampire Enchanter)                Turns: 10257, Time: 00:23:03

Health: -1/63      AC:  9    Str: 11    XL:     10   Next: 43%
Magic:  8/22       EV: 13    Int: 18    God:    Ashenzari [**....]
Gold:   479        SH:  0    Dex: 18    Spells: 5 memorised, 1 level left

rFire  . . .     SeeInvis +     a - +3 dagger (curse)
rCold  . . .     Gourm    .     b - +2 robe (curse)
rNeg   + . .     Faith    .     (no shield)
rPois  .         Spirit   .     (no helmet)
rElec  .         Reflect  .     h - +1 cloak
rCorr  .         Harm     .     (no gloves)
MR     +....                    l - +2 pair of boots (curse)
Stlth  ++++++....               k - amulet "Puitrugyf" {RegenMP *Slow +Blink +Fly Str+4} (curse)
                                (no ring)
                                A - ring of magical power (curse)

@: lethally poisoned (-1 -> -12)
A: fangs 3, see invisible, unbreathing
a: Bat Form, Curse Item, Scrying, Renounce Religion, Evoke Blink, Evoke Flight


You were on level 10 of the Dungeon.
You worshipped Ashenzari.
Ashenzari was pleased with you.
You were not thirsty.

You visited 2 branches of the dungeon, and saw 11 of its levels.

You collected 479 gold pieces.

Inventory:

Hand Weapons
 a - a cursed +3 dagger (weapon)
 d - a +0 dagger of freezing
Armour
 b - a cursed +2 robe (worn)
 h - a +1 cloak (worn)
 l - a cursed +2 pair of boots (worn)
Rods
 o - a +2 rod of shadows (13/13)
   (You found it on level 5 of the Dungeon)
Jewellery
 k - the cursed amulet "Puitrugyf" (around neck) {RegenMP *Slow +Blink +Fly Str+4}
   (You found it on level 4 of the Dungeon)

   [amulet of magic regeneration]

   It increases your magic regeneration.
   It affects your strength (+4).
   It lets you fly.
   It lets you blink.
   It may slow you when you take damage.
   It has a curse placed upon it.
 A - a cursed ring of magical power (left hand)
Wands
 p - a wand of flame (28/48)
 x - a wand of flame (24/48)
 y - a wand of confusion (19/48)
 E - a wand of acid (5/15)
 G - a wand of lightning (9/15)
Scrolls
 e - 2 scrolls of fog
 g - 2 scrolls of recharging
 i - 4 scrolls of immolation
 n - 5 scrolls of teleportation
 s - 4 scrolls of blinking
 u - 2 scrolls of magic mapping {unknown}
 C - a scroll of noise {unknown}
 F - a scroll of brand weapon {unknown}
 I - 2 scrolls of remove curse
Potions
 f - 4 potions of lignification
 m - a potion of agility {unknown}
 q - 2 potions of berserk rage {unknown}
 r - a potion of haste {unknown}
 t - 3 potions of cancellation {unknown}
 v - 2 potions of flight {unknown}
 w - a potion of might {unknown}
 z - a potion of beneficial mutation {unknown}
 H - a potion of magic {unknown}
Books
 c - a book of Maledictions

   Spells                             Type                      Level
   a - Corona                         Hexes                        1
   b - Ensorcelled Hibernation        Hexes/Ice                    2
   c - Confuse                        Hexes                        3
   d - Tukima's Dance                 Hexes                        3
   e - Dazzling Spray                 Conjuration/Hexes            3
 B - a book of Misfortune

   Spells                             Type                      Level
   a - Confusing Touch                Hexes                        1
   b - Confuse                        Hexes                        3
   c - Gell's Gravitas                Hexes/Translocation          3
   d - Petrify                        Transmutation/Earth          4
   e - Metabolic Englaciation         Hexes/Ice                    5
   f - Yara's Violent Unravelling     Hexes/Transmutation          5
 D - a book of Callings

   Spells                             Type                      Level
   a - Summon Small Mammal            Summoning                    1
   b - Call Imp                       Summoning                    2
   c - Call Canine Familiar           Summoning                    3
   d - Summon Guardian Golem          Hexes/Summoning              3
   e - Summon Lightning Spire         Summoning/Air                4
   f - Summon Ice Beast               Ice/Summoning                4


   Skills:
 * Level 10.1(12.2) Short Blades
 - Level 2.1 Dodging
 + Level 14.9 Stealth
 - Level 2.0 Spellcasting
 + Level 11.8(13.0) Hexes


You had one spell level left.
You knew the following spells:

 Your Spells              Type           Power        Failure   Level  Hunger
a - Corona                Hex            #####..      1%          1    #......
b - Ensorcelled Hibernat  Hex/Ice        ####..       1%          2    ###....
c - Confuse               Hex            #####...     1%          3    ###....
d - Tukima's Dance        Hex            #####...     1%          3    ###....
e - Dazzling Spray        Conj/Hex       ####..       3%          3    ###....


Dungeon Overview and Level Annotations

Branches:
Dungeon (10/15)            Temple (1/1) D:5
   Lair: D:8-11         Orc: D:9-12

Altars:
Ashenzari
Fedhas
Qazlal
The Shining One

Shops:
D:9 !


Innate Abilities, Weirdness & Mutations

You have razor-sharp teeth.
You have supernaturally acute eyesight. (SInv)
You can survive without breathing.


Message History

You are lethally poisoned!
The killer bee poisons you!
Casting: Confuse
Confirm with . or Enter, or press ? or * to list all spells.
Aiming: Confuse
Press: ? - help, Shift-Dir - straight line, f/p - killer bee
Aim: a killer bee (chance to defeat MR: 78%)
The killer bee appears confused.
* * * LOW HITPOINT WARNING * * *
You feel sick. The killer bee barely misses you.
You barely miss the killer bee.
* * * LOW HITPOINT WARNING * * *
You feel sick.
You hit the killer bee but do no damage.
The killer bee stings you.
* * * LOW HITPOINT WARNING * * *
You miss the killer bee.
* * * LOW HITPOINT WARNING * * *
You feel sick. The killer bee stings you.
You die...

#†##......# ##.#
#.####.##.# #..!
*######.####.##.## #...
#...........#...## #...
#......#####)....######...
#......####.......#.......
#..........{..............
#......##y#.......#.......
#......##@##.....######...
#########.##.....# #....
#........# #....
####.....# #.... #....?#
##... .....### ##.# #####


You could see a killer bee.

Vanquished Creatures
  A gargoyle (D:10)
  The ghost of Turtleman12345 the Firebug, an amateur DgFE (D:5)
  2 hippogriffs
  A wyvern (D:8)
  A water moccasin (D:5)
  A sky beast (D:5)
  2 ice beasts
  2 black bears (D:8)
  A necrophage (D:5)
  12 ogres
  3 centaurs
  A crocodile (D:9)
  3 bullfrogs
  A wyvern skeleton (D:9)
  A scorpion (D:8)
  7 killer bees
  2 howler monkeys
  5 crimson imps
  4 bullfrog zombies
  A jelly (D:8)
  3 bullfrog skeletons
  13 orc wizards
  2 hounds (D:9)
  10 orc priests
  Crazy Yiuf (D:4)
  A centaur skeleton (D:6)
  Natasha (thrice) (D:4)
  An iguana (D:8)
  10 worker ants
  A hound zombie (D:8)
  A worker ant zombie (D:9)
  3 gnolls (D:3)
  18 adders
  2 shadow imps
  An ooze (D:3)
  3 adder skeletons
  An adder zombie (D:6)
  A worm (D:3)
  A dart slug (D:1)
  10 leopard geckos
  38 orcs
  2 giant cockroaches
  6 hobgoblins
  14 jackals
  4 quokkas
  A ball python (D:5)
  4 bats (D:1)
  4 frilled lizards
  5 goblins
  5 kobolds
  A leopard gecko zombie (D:8)
  4 rats
226 creatures vanquished.

Notes
Turn   | Place    | Note
-------+----------+-------------------------------------------
     0 | D:1      | Jynx the Vampire Enchanter began the quest for the Orb.
     0 | D:1      | Reached XP level 1. HP: 13/13 MP: 3/3
   415 | D:1      | Reached XP level 2. HP: 19/19 MP: 5/5
   423 | D:1      | Learned a level 2 spell: Ensorcelled Hibernation
   528 | D:1      | Reached skill level 5 in Stealth
  1188 | D:2      | Found a blossoming altar of Fedhas.
  1323 | D:2      | Reached XP level 3. HP: 22/24 MP: 6/6
  1338 | D:2      | Reached skill level 6 in Stealth
  1524 | D:2      | Learned a level 3 spell: Confuse
  1820 | D:3      | Reached skill level 5 in Hexes
  1820 | D:3      | Reached XP level 4. HP: 5/30 MP: 0/7
  1830 | D:3      | HP: 2/45 [poisoned by an adder]
  2552 | D:4      | Reached skill level 7 in Stealth
  2555 | D:4      | Noticed an ogre
  2765 | D:3      | Reached XP level 5. HP: 19/35 MP: 2/8
  2966 | D:4      | Killed an ogre
  2966 | D:4      | Reached skill level 8 in Stealth
  2966 | D:4      | Reached XP level 6. HP: 32/41 MP: 5/9
  3702 | D:4      | Reached skill level 9 in Stealth
  3992 | D:4      | Reached XP level 7. HP: 31/46 MP: 2/10
  3994 | D:4      | Got a steaming emerald amulet
  4139 | D:4      | Identified the amulet "Puitrugyf" {RegenMP *Slow +Blink +Fly Str+4} (You found it on level 4 of the Dungeon)
  4207 | D:4      | Found a runed door.
  4265 | D:4      | Noticed Natasha
  4291 | D:4      | Killed Natasha
  4361 | D:4      | Noticed Natasha
  4370 | D:4      | Killed Natasha
  4370 | D:4      | Reached skill level 10 in Stealth
  4528 | D:4      | Noticed Natasha
  4536 | D:4      | Killed Natasha
  4670 | D:4      | Noticed Crazy Yiuf
  4674 | D:4      | Killed Crazy Yiuf
  4697 | D:5      | Entered Level 5 of the Dungeon
  4701 | D:5      | Noticed Turtleman12345's ghost (amateur DgFE)
  4750 | D:5      | Killed Turtleman12345's ghost
  4750 | D:5      | Reached skill level 5 in Short Blades
  4750 | D:5      | Reached XP level 8. HP: 50/52 MP: 11/11
  4778 | D:5      | Reached skill level 11 in Stealth
  5296 | D:5      | Found a staircase to the Ecumenical Temple.
  5312 | Temple   | Entered the Ecumenical Temple
  5320 | Temple   | Became a worshipper of Ashenzari the Shackled
  5680 | D:5      | Reached skill level 12 in Stealth
  5873 | D:5      | Identified the +7 whip of the Hand {slash, +Inv MR++ Dex+3 Stlth+} (You found it on level 5 of the Dungeon)
  6557 | D:6      | Reached skill level 13 in Stealth
  6557 | D:6      | Reached XP level 9. HP: 44/57 MP: 4/12
  7438 | D:7      | Reached skill level 10 in Hexes
  7555 | D:7      | Reached * piety under Ashenzari
  7736 | D:7      | Learned a level 3 spell: Tukima's Dance
  7740 | D:7      | Learned a level 3 spell: Dazzling Spray
  8033 | D:8      | Reached skill level 14 in Stealth
  8843 | D:9      | Reached XP level 10. HP: 63/63 MP: 13/13
  9101 | D:9      | Found Mese's Distillery.
  9511 | D:10     | Entered Level 10 of the Dungeon
 10056 | D:10     | Reached ** piety under Ashenzari
 10071 | D:10     | Noticed a gargoyle
 10081 | D:10     | Killed a gargoyle
 10081 | D:10     | Reached skill level 10 in Short Blades
 10234 | D:10     | HP: 2/63 [killer bee (4)]
 10256 | D:10     | HP: 2/63 [killer bee (4)]
 10257 | D:10     | Slain by a killer bee

Skill      XL: |  1  2  3  4  5  6  7  8  9 10 |
---------------+-------------------------------+-----
Stealth        | 5 6 7 8 9 10 13 14 | 14.9
Short Blades   | 2 3 4 5 6 9 10 | 10.1
Hexes          | 5 6 7 9 11 | 11.8
Dodging        | |  2.1
Spellcasting   | |  2.0

Action                   |  1- 3 |  4- 6 |  7- 9 | 10-12 || total
-------------------------+-------+-------+-------+-------++-------
Melee: Dagger            |    99 |   182 |   372 |   216 ||   869
       Bite              |     3 |    18 |    34 |    18 ||    73
 Cast: Ensorcelled Hiber |     2 |     5 |    26 |     8 ||    41
       Corona            |     2 |     2 |       |       ||     4
       Confuse           |       |    15 |    43 |    17 ||    75
Invok: Curse Item        |       |       |     4 |     1 ||     5
 Abil: End Transformatio |       |     1 |     2 |     1 ||     4
       Bat Form          |       |     1 |     2 |     1 ||     4
  Use: Scroll            |     1 |     5 |     5 |     1 ||    12
       Potion            |     1 |     2 |       |     2 ||     5
 Stab: Sleeping          |    12 |    16 |    47 |    16 ||    91
       Confused          |       |     8 |    25 |     7 ||    40
  Eat: Corpse            |     4 |     8 |    13 |     6 ||    31
Armor: Robe              |    30 |    31 |    70 |    50 ||   181
       Skin              |     5 |    22 |       |       ||    27
Dodge: Dodged            |    52 |    86 |   170 |   134 ||   442
